Thunder vs Manchots
Created - 12 novembre 2013 at 19:04
Goals
|
| Thunder |
0 |
2 |
0 |
2 |
| Manchots |
0 |
3 |
1 |
4 |
|
Shots
|
| Thunder |
7 |
9 |
8 |
24 |
| Manchots |
8 |
15 |
10 |
33 |
|
1st period
No Goal
Penalties :
Pernell Karl Subban (Out) for High sticking (Minor) at 18:48, Jerred Smithson (TRO) for Interference (Minor) at 18:59
2nd period
1. Manchots , Logan Couture 2 (Tyler Ennis, Aaron Ward) at 1:14
2. Thunder , Adam Hall 6 (Alexei Semenov, Jerred Smithson) at 15:11
3. Manchots , Alexander Radulov 8 (Aaron Ward, Logan Couture) at 15:17
4. Manchots , Logan Couture 3 (Steven Stamkos, Stanislav Neckar) at 17:49
5. Thunder , Dany Roussin 5 (Alexei Semenov) at 17:59
Penalties :
Daultan Leveillé (TRO) for Tripping (Minor) at 2:52, Jamie Benn (Out) for Roughing (Minor) at 11:50, Steven Stamkos (Out) for Hooking (Minor) at 15:22
3rd period
6. Manchots , Jamie Benn 7 (Logan Couture, Alexander Radulov) at 4:53
Penalties :
Brandon Mashinter (TRO) for Boarding (Minor) at 7:22, Michael Del Zotto (Out) for Hooking (Minor) at 9:10, Aaron Ward (Out) for Hooking (Minor) at 13:44, Pierre-Alexandre Parenteau (TRO) for Hooking (Minor) at 13:44, Jerred Smithson (TRO) for Hooking (Minor) at 18:23
Goalie Stats
Ben Bishop (TRO), 29 saves from 33 shots - (0,879), L, 1-1-0, 60:00 minutes
Sebastien Caron (Out), 22 saves from 24 shots - (0,917), W, 5-1-2, 60:00 minutes
Players Stats for Thunder
Player Name G A P +/- PIM S H SB GA TA FO MP PP MP PK MP
------------------------------------------------------------------------------------
Adam Hall 1 0 1 0 0 7 6 2 1 0 6/14 22:31 3:13 3:18
Alexei Semenov 0 2 2 -1 0 0 1 2 0 1 0/0 26:15 3:20 3:26
Brandon Mashinter 0 0 0 0 2 0 1 0 0 0 2/5 13:51 2:32 0:00
Daniel Winnik 0 0 0 0 0 1 2 0 0 0 0/0 8:44 0:16 0:00
Dany Roussin 1 0 1 -1 0 1 1 0 0 1 1/3 18:28 3:09 1:34
Daultan Leveillé 0 0 0 -1 2 0 0 0 0 0 4/6 11:32 0:00 0:00
Derek Peltier 0 0 0 0 0 1 2 1 1 1 0/0 21:07 2:37 2:08
Doug Janik 0 0 0 -1 0 1 2 4 0 1 0/0 26:15 3:20 3:26
James Van Riemsdyk 0 0 0 -1 0 1 3 0 0 0 0/0 14:32 0:25 0:29
Jeff Finger 0 0 0 0 0 1 0 2 1 1 0/0 21:07 2:37 2:08
Jerred Smithson 0 1 1 -1 4 0 2 0 0 1 10/19 16:53 3:08 0:00
Joey Crabb 0 0 0 0 0 1 0 0 0 0 0/0 7:46 0:16 0:00
Joey Ryan 0 0 0 -1 0 0 0 0 0 2 0/0 12:38 0:00 0:00
Kelly Zajac 0 0 0 0 0 1 0 0 0 0 0/1 7:10 0:00 0:00
Matt D'Agostini 0 0 0 -1 0 1 2 1 0 1 0/0 13:25 0:00 0:51
Pierre-Alexandre Parente 0 0 0 0 2 6 2 0 0 1 0/1 19:19 2:32 3:22
Ray Macias 0 0 0 -1 0 0 2 1 0 3 0/0 12:38 0:00 0:00
Scott Parse 0 0 0 -1 0 2 1 1 0 0 2/2 16:12 2:19 1:34
Players Stats for Manchots
Player Name G A P +/- PIM S H SB GA TA FO MP PP MP PK MP
------------------------------------------------------------------------------------
Aaron Ward 0 2 2 0 2 2 3 1 4 0 0/0 25:30 1:52 3:20
Alexander Radulov 1 1 2 1 0 6 1 0 0 0 0/0 18:33 3:00 0:12
Bobby Butler 0 0 0 -1 0 1 1 0 0 0 1/1 15:09 2:21 0:00
Bryan Allen 0 0 0 0 0 1 2 1 0 0 0/0 19:29 3:42 3:17
Eric Tangradi 0 0 0 0 0 0 1 0 0 0 0/0 7:18 0:02 0:28
Jamie Benn 1 0 1 2 2 1 1 0 1 0 0/0 16:44 2:21 0:32
Logan Couture 2 2 4 3 0 7 1 0 1 0 8/17 18:12 2:32 1:00
Martin Hanzal 0 0 0 0 0 1 2 0 0 0 4/6 11:53 0:02 1:19
Mathieu Dandenault 0 0 0 0 0 0 1 0 0 0 0/0 14:05 0:02 3:26
Matt Corrente 0 0 0 1 0 2 0 0 0 0 0/0 13:40 0:00 2:04
Michael Del Zotto 0 0 0 2 2 1 2 1 0 0 0/0 17:51 1:51 0:00
Pernell Karl Subban 0 0 0 0 2 0 1 4 1 1 0/0 24:21 3:53 0:33
Petr Sykora 0 0 0 0 0 0 2 0 0 0 0/0 6:40 0:00 0:00
Ruslan Fedotenko 0 0 0 0 0 1 1 0 1 0 0/0 11:45 0:00 1:19
Stanislav Neckar 0 1 1 2 0 3 4 3 1 1 0/0 20:41 0:00 2:40
Steven Stamkos 0 1 1 0 2 2 2 0 2 1 11/22 19:50 3:00 0:12
T.J. Hensick 0 0 0 0 0 1 1 0 2 0 2/4 10:06 0:00 3:26
Tyler Ennis 0 1 1 0 0 4 2 0 0 0 0/1 18:13 3:11 0:00
3 Stars
1 - Logan Couture (Out)
2 - Alexander Radulov (Out)
3 - Adam Hall (TRO)
Power Play
Thunder - 0 on 4 Attempt(s) - 0,00%
Manchots - 0 on 4 Attempt(s) - 0,00%
Penalty Kill
Thunder - 4 on 4 Attempt(s) - 100,00%
- Score 0 goal in Penalty Kill
Manchots - 4 on 4 Attempt(s) - 100,00%
- Score 0 goal in Penalty Kill
Official
Referees : Marouelli Dan and Furlatt Eric
Linesman : Andy McElman and Michel Cormier
Game Notes
No Game Note
Finance
Level 1 -- Attendance: 1376 (68,80%) -- Ticket Income 27 520 $
Level 2 -- Attendance: 725 (72,50%) -- Ticket Income 5 075 $
Total Attendance: 2101 (70,03%)
Total Ticket Income: 32 595 $
Other Income: 1 630 $
Total Income: 34 225 $
Thunder
5 vs 5 Forward
Center Left Wing Right Wing Time % Phy DF OF
1 Jerred Smithson Dany Roussin Adam Hall 40 1 2 2
2 Brandon Mashinter Scott Parse Pierre-Alexandre Parentea30 1 2 2
3 Daultan Leveillé James Van Riemsdyk Matt D'Agostini 20 1 2 2
4 Kelly Zajac Daniel Winnik Joey Crabb 10 1 2 2
5 vs 5 Defense
Defense Defense Time % Phy DF OF
1 Alexei Semenov Doug Janik 40 1 2 2
2 Jeff Finger Derek Peltier 30 1 2 2
3 Ray Macias Joey Ryan 20 1 2 2
4 Alexei Semenov Doug Janik 10 1 2 2
PowerPlay Forward
Center Left Wing Right Wing Time % Phy DF OF
1 Jerred Smithson Dany Roussin Adam Hall 60 1 2 2
2 Brandon Mashinter Scott Parse Pierre-Alexandre Parentea40 1 2 2
PowerPlay Defense
Defense Defense Time % Phy DF OF
1 Alexei Semenov Doug Janik 60 1 2 2
2 Jeff Finger Derek Peltier 40 1 2 2
Penalty Kill 4 Players Forward
Center Wing Time % Phy DF OF
1 Adam Hall Pierre-Alexandre Parentea60 1 2 2
2 Dany Roussin Scott Parse 40 1 2 2
Penalty Kill 4 Players Defense
Defense Defense Time % Phy DF OF
1 Alexei Semenov Doug Janik 60 1 2 2
2 Jeff Finger Derek Peltier 40 1 2 2
Penalty Kill - 3 Players Forward
Forward Time % Phy DF OF
1 Adam Hall 60 1 2 2
2 Pierre-Alexandre Parentea 40 1 2 2
Penalty Kill - 3 Players Defense
Defense Defense Time % Phy DF OF
1 Alexei Semenov Doug Janik 60 1 2 2
2 Jeff Finger Derek Peltier 40 1 2 2
4 vs 4 Forward
Center Wing Time % Phy DF OF
1 Adam Hall Pierre-Alexandre Parentea60 1 2 2
2 Dany Roussin Scott Parse 40 1 2 2
4 vs 4 Defense
Defense Defense Time % Phy DF OF
1 Alexei Semenov Doug Janik 60 1 2 2
2 Jeff Finger Derek Peltier 40 1 2 2
Last Minutes Offensive
Center Left Wing Right Wing Defense Defense
Jerred Smithson Dany Roussin Adam Hall Alexei Semenov Doug Janik
Last Minutes Defensive
Center Left Wing Right Wing Defense Defense
Jerred Smithson Dany Roussin Adam Hall Alexei Semenov Doug Janik
Goaltenders
Starting : Ben Bishop
Backup : Barry Brust
Extra Forwards
Normal : James Van Riemsdyk, Daniel Winnik, Matt D'Agostini - PP : James Van Riemsdyk, Daniel Winnik - PK : Matt D'Agostini
Extra Defensemen
Normal : Ray Macias, Joey Ryan, Jeff Finger - PP : Ray Macias - PK : Joey Ryan, Jeff Finger
Penalty Shots
Adam Hall, Pierre-Alexandre Parenteau, Dany Roussin, Scott Parse, James Van Riemsdyk
Manchots
5 vs 5 Forward
Center Left Wing Right Wing Time % Phy DF OF
1 Steven Stamkos Tyler Ennis Bobby Butler 40 1 1 3
2 Logan Couture Jamie Benn Alexander Radulov 39 1 1 3
3 Martin Hanzal Ruslan Fedotenko Mathieu Dandenault 17 1 1 3
4 T.J. Hensick Eric Tangradi Petr Sykora 4 1 1 3
5 vs 5 Defense
Defense Defense Time % Phy DF OF
1 Aaron Ward Pernell Karl Subban 40 1 1 3
2 Stanislav Neckar Michael Del Zotto 29 1 2 2
3 Bryan Allen Matt Corrente 18 1 2 2
4 Pernell Karl Subban Stanislav Neckar 13 1 1 3
PowerPlay Forward
Center Left Wing Right Wing Time % Phy DF OF
1 Steven Stamkos Tyler Ennis Alexander Radulov 64 0 1 4
2 Logan Couture Jamie Benn Bobby Butler 36 1 1 3
PowerPlay Defense
Defense Defense Time % Phy DF OF
1 Bryan Allen Pernell Karl Subban 64 0 1 4
2 Michael Del Zotto Aaron Ward 36 1 1 3
Penalty Kill 4 Players Forward
Center Wing Time % Phy DF OF
1 T.J. Hensick Mathieu Dandenault 60 1 3 1
2 Martin Hanzal Ruslan Fedotenko 40 1 3 1
Penalty Kill 4 Players Defense
Defense Defense Time % Phy DF OF
1 Bryan Allen Aaron Ward 60 1 3 1
2 Stanislav Neckar Matt Corrente 40 1 3 1
Penalty Kill - 3 Players Forward
Forward Time % Phy DF OF
1 Mathieu Dandenault 60 1 3 1
2 Ruslan Fedotenko 40 1 3 1
Penalty Kill - 3 Players Defense
Defense Defense Time % Phy DF OF
1 Aaron Ward Bryan Allen 60 1 3 1
2 Matt Corrente Stanislav Neckar 40 1 3 1
4 vs 4 Forward
Center Wing Time % Phy DF OF
1 Steven Stamkos Alexander Radulov 60 1 1 3
2 Logan Couture Tyler Ennis 40 1 1 3
4 vs 4 Defense
Defense Defense Time % Phy DF OF
1 Pernell Karl Subban Bryan Allen 60 1 1 3
2 Michael Del Zotto Aaron Ward 40 1 1 3
Last Minutes Offensive
Center Left Wing Right Wing Defense Defense
Steven Stamkos Tyler Ennis Alexander Radulov Michael Del Zotto Pernell Karl Subban
Last Minutes Defensive
Center Left Wing Right Wing Defense Defense
T.J. Hensick Ruslan Fedotenko Mathieu Dandenault Aaron Ward Stanislav Neckar
Goaltenders
Starting : Sebastien Caron
Backup : Anders Lindback
Extra Forwards
Normal : Logan Couture, Steven Stamkos, Tyler Ennis - PP : Martin Hanzal, Steven Stamkos - PK : Mathieu Dandenault
Extra Defensemen
Normal : Stanislav Neckar, Pernell Karl Subban, Bryan Allen - PP : Michael Del Zotto - PK : Stanislav Neckar, Bryan Allen
Penalty Shots
Martin Hanzal, Steven Stamkos, Alexander Radulov, Jamie Benn, Tyler Ennis
% Time on Ice - Thunder
Lines # - Real PCT - Wanted PCT - Time Play
Normal Forward
1 - 31% - 40% - 13:57
2 - 27% - 30% - 11:52
3 - 26% - 20% - 11:32
4 - 16% - 10% - 7:10
Normal Defense
1 - 35% - 40% - 15:48
2 - 34% - 30% - 15:06
3 - 28% - 20% - 12:38
4 - 2% - 10% - 0:59
PP Forward
1 - 61% - 60% - 3:38
2 - 39% - 40% - 2:19
PP Defense
1 - 56% - 60% - 3:20
2 - 44% - 40% - 2:37
PK Forward
1 - 72% - 60% - 4:00
2 - 28% - 40% - 1:34
PK Defense
1 - 62% - 60% - 3:26
2 - 38% - 40% - 2:08
PK3 Forward
1 - 0% - 60%
2 - 0% - 40%
PK3 Defense
1 - 0% - 60%
2 - 0% - 40%
44 Forward
1 - 85% - 60% - 3:23
2 - 15% - 40% - 0:35
44 Defense
1 - 68% - 60% - 2:42
2 - 32% - 40% - 1:16
Last Minute Offensive - 0:00
Last Minute Defensive - 0:00
Total
Forward - 60:00
Defense - 60:00
|
% Time on Ice - Manchots
Lines # - Real PCT - Wanted PCT - Time Play
Normal Forward
1 - 33% - 40% - 14:32
2 - 29% - 39% - 12:53
3 - 23% - 17% - 10:26
4 - 15% - 4% - 6:40
Normal Defense
1 - 36% - 40% - 15:53
2 - 35% - 29% - 15:39
3 - 23% - 18% - 10:20
4 - 6% - 13% - 2:39
PP Forward
1 - 54% - 64% - 3:02
2 - 46% - 36% - 2:32
PP Defense
1 - 66% - 64% - 3:42
2 - 34% - 36% - 1:52
PK Forward
1 - 78% - 60% - 4:38
2 - 22% - 40% - 1:19
PK Defense
1 - 55% - 60% - 3:17
2 - 45% - 40% - 2:40
PK3 Forward
1 - 0% - 60%
2 - 0% - 40%
PK3 Defense
1 - 0% - 60%
2 - 0% - 40%
44 Forward
1 - 76% - 60% - 3:02
2 - 24% - 40% - 0:56
44 Defense
1 - 55% - 60% - 2:10
2 - 45% - 40% - 1:48
Last Minute Offensive - 0:00
Last Minute Defensive - 0:00
Total
Forward - 60:00
Defense - 60:00
|
Play by Play
1st period
0:01 of 1st period - Jerred Smithson wins face-off versus Steven Stamkos in neutral zone.
0:13 of 1st period - Snap shot by Adam Hall.
0:13 of 1st period - Stopped by Sebastien Caron without a rebound.
0:14 of 1st period - Brandon Mashinter wins face-off versus Logan Couture in Manchots zone.
0:27 of 1st period - Snap shot by Pierre-Alexandre Parenteau.
0:27 of 1st period - Stopped by Sebastien Caron without a rebound.
0:28 of 1st period - Daultan Leveillé wins face-off versus Martin Hanzal in Manchots zone.
0:35 of 1st period - Slapshot by Matt D'Agostini.
0:35 of 1st period - Stopped by Sebastien Caron with a rebound.
1:24 of 1st period - Wrist shot by Pierre-Alexandre Parenteau.
1:24 of 1st period - Stopped by Sebastien Caron with a rebound.
1:26 of 1st period - Slapshot by Ray Macias.
1:26 of 1st period - Shot Blocked by Pernell Karl Subban.
3:01 of 1st period - Snap shot by Daniel Winnik.
3:01 of 1st period - Stopped by Sebastien Caron with a rebound.
3:39 of 1st period - Bobby Butler is hit by Jerred Smithson and loses puck.
4:02 of 1st period - Slapshot by Logan Couture.
4:02 of 1st period - Stopped by Ben Bishop with a rebound.
4:04 of 1st period - Backhand shot by Bryan Allen.
4:04 of 1st period - Stopped by Ben Bishop with a rebound.
4:06 of 1st period - Slapshot by Alexander Radulov.
4:06 of 1st period - Shot Hit the Post.
4:27 of 1st period - Ray Macias is hit by Petr Sykora and loses puck.
5:12 of 1st period - Alexander Radulov is hit by Adam Hall and loses puck.
5:50 of 1st period - Stanislav Neckar is hit by Alexei Semenov and loses puck.
6:15 of 1st period - Steven Stamkos is hit by Ray Macias and loses puck.
6:33 of 1st period - Doug Janik is hit by Aaron Ward and loses puck.
6:47 of 1st period - Icing by Logan Couture.
6:48 of 1st period - Martin Hanzal wins face-off versus Daultan Leveillé in Manchots zone.
6:59 of 1st period - Matt D'Agostini is hit by Ruslan Fedotenko and loses puck.
7:57 of 1st period - Wrist shot by Tyler Ennis.
7:57 of 1st period - Deflect By Steven Stamkos.
7:57 of 1st period - Shot Blocked by Matt D'Agostini.
7:57 of 1st period - Puck is out of play.
7:58 of 1st period - Jerred Smithson wins face-off versus Logan Couture in Thunder zone.
8:03 of 1st period - Snap shot by Alexander Radulov.
8:03 of 1st period - Shot Blocked by Alexei Semenov.
8:05 of 1st period - Snap shot by Logan Couture.
8:05 of 1st period - Stopped by Ben Bishop without a rebound.
8:06 of 1st period - Logan Couture wins face-off versus Dany Roussin in Thunder zone.
8:07 of 1st period - Slapshot by Alexander Radulov.
8:07 of 1st period - Stopped by Ben Bishop with a rebound.
8:09 of 1st period - Slapshot by Stanislav Neckar.
8:09 of 1st period - Stopped by Ben Bishop with a rebound.
8:31 of 1st period - Wrist shot by Alexander Radulov.
8:31 of 1st period - Stopped by Ben Bishop without a rebound.
8:32 of 1st period - Bobby Butler wins face-off versus Brandon Mashinter in Thunder zone.
8:33 of 1st period - Snap shot by Steven Stamkos.
8:33 of 1st period - Shot Blocked by Scott Parse.
8:57 of 1st period - Mathieu Dandenault is hit by James Van Riemsdyk and loses puck.
9:22 of 1st period - Pernell Karl Subban is hit by Adam Hall and loses puck.
10:20 of 1st period - Logan Couture is hit by Ray Macias and loses puck.
11:44 of 1st period - Pernell Karl Subban is hit by Daniel Winnik and loses puck.
12:03 of 1st period - Jerred Smithson is hit by Martin Hanzal and loses puck.
12:20 of 1st period - Snap shot by Pierre-Alexandre Parenteau.
12:20 of 1st period - Shot Misses the Net.
12:22 of 1st period - Slapshot by Derek Peltier.
12:22 of 1st period - Deflect By Tyler Ennis.
12:22 of 1st period - Stopped by Sebastien Caron with a rebound.
12:26 of 1st period - Wrist shot by Pierre-Alexandre Parenteau.
12:26 of 1st period - Shot Misses the Net.
12:36 of 1st period - Matt Corrente is hit by James Van Riemsdyk and loses puck.
13:41 of 1st period - Bryan Allen is hit by Matt D'Agostini and loses puck.
13:52 of 1st period - Alexander Radulov is hit by Dany Roussin and loses puck.
15:03 of 1st period - Joey Ryan is hit by Petr Sykora and loses puck.
15:14 of 1st period - Scott Parse is hit by Aaron Ward and loses puck.
15:21 of 1st period - Brandon Mashinter is hit by T.J. Hensick and loses puck.
15:36 of 1st period - Snap shot by T.J. Hensick.
15:36 of 1st period - Shot Misses the Net.
15:42 of 1st period - Stanislav Neckar is hit by Derek Peltier and loses puck.
15:59 of 1st period - Wrist shot by Scott Parse.
15:59 of 1st period - Shot Blocked by Stanislav Neckar.
16:01 of 1st period - Wrist shot by Alexei Semenov.
16:01 of 1st period - Shot Blocked by Stanislav Neckar.
16:03 of 1st period - Snap shot by Jeff Finger.
16:03 of 1st period - Shot Blocked by Pernell Karl Subban.
16:05 of 1st period - Snap shot by Scott Parse.
16:05 of 1st period - Stopped by Sebastien Caron without a rebound.
16:06 of 1st period - Steven Stamkos wins face-off versus Jerred Smithson in Manchots zone.
16:17 of 1st period - Wrist shot by Tyler Ennis.
16:17 of 1st period - Stopped by Ben Bishop with a rebound.
17:13 of 1st period - Tyler Ennis is hit by Adam Hall.
18:42 of 1st period - Derek Peltier is hit by Stanislav Neckar and loses puck.
18:47 of 1st period - Snap shot by Ruslan Fedotenko.
18:47 of 1st period - Stopped by Ben Bishop without a rebound.
18:48 of 1st period - Jerred Smithson wins face-off versus Martin Hanzal in Thunder zone.
18:48 of 1st period - Minor Penalty to Pernell Karl Subban for High sticking.
18:49 of 1st period - Jerred Smithson wins face-off versus T.J. Hensick in Manchots zone.
18:59 of 1st period - Minor Penalty to Jerred Smithson for Interference.
19:00 of 1st period - Steven Stamkos wins face-off versus Adam Hall in Thunder zone.
2nd period
0:01 of 2nd period - Steven Stamkos wins face-off versus Adam Hall in neutral zone.
0:04 of 2nd period - Slapshot by Stanislav Neckar.
0:04 of 2nd period - Shot Blocked by Doug Janik.
0:06 of 2nd period - Slapshot by Stanislav Neckar.
0:06 of 2nd period - Deflect By Adam Hall.
0:06 of 2nd period - Stopped by Ben Bishop with a rebound.
0:08 of 2nd period - Slapshot by Alexander Radulov.
0:08 of 2nd period - Shot Blocked by Adam Hall.
0:10 of 2nd period - Slapshot by Bryan Allen.
0:10 of 2nd period - Shot Blocked by Doug Janik.
0:14 of 2nd period - Slapshot by Steven Stamkos.
0:14 of 2nd period - Stopped by Ben Bishop with a rebound.
0:16 of 2nd period - Backhand shot by Bryan Allen.
0:16 of 2nd period - Shot Blocked by Adam Hall.
0:44 of 2nd period - Snap shot by Tyler Ennis.
0:44 of 2nd period - Shot Misses the Net.
0:46 of 2nd period - Snap shot by Tyler Ennis.
0:46 of 2nd period - Shot Misses the Net.
0:48 of 2nd period - Penalty to Pernell Karl Subban is over, Pernell Karl Subban is back on ice.
0:59 of 2nd period - Penalty to Jerred Smithson is over, Jerred Smithson is back on ice.
1:02 of 2nd period - Snap shot by Tyler Ennis.
1:02 of 2nd period - Shot Misses the Net.
1:04 of 2nd period - Slapshot by Pernell Karl Subban.
1:04 of 2nd period - Shot Misses the Net.
1:06 of 2nd period - Slapshot by Michael Del Zotto.
1:06 of 2nd period - Stopped by Ben Bishop with a rebound.
1:08 of 2nd period - Snap shot by Logan Couture.
1:08 of 2nd period - Shot Blocked by Doug Janik.
1:10 of 2nd period - Slapshot by Aaron Ward.
1:10 of 2nd period - Deflect By Doug Janik.
1:10 of 2nd period - Stopped by Ben Bishop with a rebound.
1:12 of 2nd period - Wrist shot by Tyler Ennis.
1:12 of 2nd period - Deflect By Logan Couture.
1:12 of 2nd period - Stopped by Ben Bishop with a rebound.
1:14 of 2nd period - Backhand shot by Logan Couture.
1:14 of 2nd period - Goal by Logan Couture - Thunder : 0 - Manchots : 1.
1:15 of 2nd period - Steven Stamkos wins face-off versus Daultan Leveillé in neutral zone.
1:38 of 2nd period - Pernell Karl Subban is hit by Adam Hall and loses puck.
1:59 of 2nd period - Wrist shot by Pierre-Alexandre Parenteau.
1:59 of 2nd period - Stopped by Sebastien Caron without a rebound.
2:00 of 2nd period - Steven Stamkos wins face-off versus Brandon Mashinter in Manchots zone.
2:17 of 2nd period - Steven Stamkos is hit by Scott Parse.
2:23 of 2nd period - Snap shot by Pierre-Alexandre Parenteau.
2:23 of 2nd period - Deflect By Scott Parse.
2:23 of 2nd period - Shot Misses the Net.
2:23 of 2nd period - Puck is out of play.
2:24 of 2nd period - Jerred Smithson wins face-off versus Logan Couture in Manchots zone.
2:52 of 2nd period - Minor Penalty to Daultan Leveillé for Tripping.
2:53 of 2nd period - Adam Hall wins face-off versus Steven Stamkos in Thunder zone.
2:53 of 2nd period - Adam Hall is hit by Steven Stamkos.
3:02 of 2nd period - Off-side.
3:03 of 2nd period - Adam Hall wins face-off versus Steven Stamkos in neutral zone.
3:06 of 2nd period - Slapshot by Doug Janik.
3:06 of 2nd period - Stopped by Sebastien Caron with a rebound.
3:24 of 2nd period - Pierre-Alexandre Parenteau is hit by Alexander Radulov and loses puck.
3:29 of 2nd period - Snap shot by Steven Stamkos.
3:29 of 2nd period - Shot Misses the Net.
3:37 of 2nd period - Wrist shot by Steven Stamkos.
3:37 of 2nd period - Stopped by Ben Bishop without a rebound.
3:38 of 2nd period - Adam Hall wins face-off versus Logan Couture in Thunder zone.
3:38 of 2nd period - Adam Hall is hit by Michael Del Zotto.
4:12 of 2nd period - Slapshot by Michael Del Zotto.
4:12 of 2nd period - Shot Blocked by Derek Peltier.
4:52 of 2nd period - Penalty to Daultan Leveillé is over, Daultan Leveillé is back on ice.
5:06 of 2nd period - Slapshot by Doug Janik.
5:06 of 2nd period - Shot Misses the Net.
5:22 of 2nd period - Wrist shot by Matt D'Agostini.
5:22 of 2nd period - Shot Misses the Net.
5:54 of 2nd period - Wrist shot by Daniel Winnik.
5:54 of 2nd period - Shot Misses the Net.
7:06 of 2nd period - Matt D'Agostini is hit by Bryan Allen and loses puck.
8:41 of 2nd period - Ruslan Fedotenko is hit by Doug Janik and loses puck.
9:00 of 2nd period - Pierre-Alexandre Parenteau is hit by Stanislav Neckar and loses puck.
9:07 of 2nd period - Wrist shot by Steven Stamkos.
9:07 of 2nd period - Shot Blocked by Alexei Semenov.
9:09 of 2nd period - Snap shot by Stanislav Neckar.
9:09 of 2nd period - Stopped by Ben Bishop with a rebound.
9:21 of 2nd period - Jeff Finger is hit by Stanislav Neckar and loses puck.
9:34 of 2nd period - Jerred Smithson is hit by Pernell Karl Subban and loses puck.
9:45 of 2nd period - Icing by Jerred Smithson.
9:46 of 2nd period - Steven Stamkos wins face-off versus Jerred Smithson in Thunder zone.
9:57 of 2nd period - Pernell Karl Subban is hit by Adam Hall and loses puck.
10:08 of 2nd period - Wrist shot by Adam Hall.
10:08 of 2nd period - Stopped by Sebastien Caron with a rebound.
10:14 of 2nd period - Adam Hall is hit by Bobby Butler and loses puck.
10:29 of 2nd period - Bobby Butler is hit by Adam Hall and loses puck.
10:36 of 2nd period - Backhand shot by Adam Hall.
10:36 of 2nd period - Stopped by Sebastien Caron without a rebound.
10:37 of 2nd period - Brandon Mashinter wins face-off versus Logan Couture in Manchots zone.
10:38 of 2nd period - Snap shot by Scott Parse.
10:38 of 2nd period - Shot Misses the Net.
10:40 of 2nd period - Snap shot by Pierre-Alexandre Parenteau.
10:40 of 2nd period - Shot Misses the Net.
10:42 of 2nd period - Slapshot by Jeff Finger.
10:42 of 2nd period - Stopped by Sebastien Caron without a rebound.
10:43 of 2nd period - Scott Parse wins face-off versus Logan Couture in Manchots zone.
11:10 of 2nd period - Wrist shot by Martin Hanzal.
11:10 of 2nd period - Stopped by Ben Bishop with a rebound.
11:12 of 2nd period - Slapshot by Matt Corrente.
11:12 of 2nd period - Stopped by Ben Bishop with a rebound.
11:14 of 2nd period - Slapshot by Matt Corrente.
11:14 of 2nd period - Stopped by Ben Bishop without a rebound.
11:15 of 2nd period - Scott Parse wins face-off versus Steven Stamkos in Thunder zone.
11:40 of 2nd period - Aaron Ward is hit by Matt D'Agostini and loses puck.
11:45 of 2nd period - Slapshot by James Van Riemsdyk.
11:45 of 2nd period - Shot Misses the Net.
11:50 of 2nd period - Minor Penalty to Jamie Benn for Roughing.
11:51 of 2nd period - Jerred Smithson wins face-off versus T.J. Hensick in Manchots zone.
12:45 of 2nd period - Backhand shot by Bryan Allen.
12:45 of 2nd period - Deflect By Eric Tangradi.
12:45 of 2nd period - Shot Blocked by Jeff Finger.
12:45 of 2nd period - Puck is out of play.
12:46 of 2nd period - Logan Couture wins face-off versus Jerred Smithson in Thunder zone.
12:49 of 2nd period - Slapshot by Eric Tangradi.
12:49 of 2nd period - Shot Misses the Net.
12:51 of 2nd period - Wrist shot by Aaron Ward.
12:51 of 2nd period - Stopped by Ben Bishop with a rebound.
13:01 of 2nd period - Slapshot by Logan Couture.
13:01 of 2nd period - Shot Misses the Net.
13:23 of 2nd period - Snap shot by Scott Parse.
13:23 of 2nd period - Shot Misses the Net.
13:50 of 2nd period - Penalty to Jamie Benn is over, Jamie Benn is back on ice.
14:49 of 2nd period - Off-side.
14:50 of 2nd period - Daultan Leveillé wins face-off versus Steven Stamkos in neutral zone.
14:57 of 2nd period - Snap shot by Matt D'Agostini.
14:57 of 2nd period - Shot Blocked by Pernell Karl Subban.
14:59 of 2nd period - Snap shot by James Van Riemsdyk.
14:59 of 2nd period - Shot Misses the Net.
15:01 of 2nd period - Snap shot by Matt D'Agostini.
15:01 of 2nd period - Deflect By James Van Riemsdyk.
15:01 of 2nd period - Stopped by Sebastien Caron without a rebound.
15:02 of 2nd period - Logan Couture wins face-off versus Jerred Smithson in Manchots zone.
15:11 of 2nd period - Slapshot by Adam Hall.
15:11 of 2nd period - Goal by Adam Hall - Thunder : 1 - Manchots : 1.
15:12 of 2nd period - Logan Couture wins face-off versus Jerred Smithson in neutral zone.
15:17 of 2nd period - Snap shot by Alexander Radulov.
15:17 of 2nd period - Goal by Alexander Radulov - Thunder : 1 - Manchots : 2.
15:18 of 2nd period - Steven Stamkos wins face-off versus Adam Hall in neutral zone.
15:21 of 2nd period - Slapshot by Bobby Butler.
15:21 of 2nd period - Stopped by Ben Bishop with a rebound.
15:22 of 2nd period - Minor Penalty to Steven Stamkos for Hooking.
15:23 of 2nd period - T.J. Hensick wins face-off versus Jerred Smithson in Manchots zone.
16:00 of 2nd period - Slapshot by Scott Parse.
16:00 of 2nd period - Stopped by Sebastien Caron with a rebound.
17:17 of 2nd period - Jamie Benn is hit by James Van Riemsdyk and loses puck.
17:22 of 2nd period - Penalty to Steven Stamkos is over, Steven Stamkos is back on ice.
17:30 of 2nd period - Matt D'Agostini is hit by Stanislav Neckar and loses puck.
17:35 of 2nd period - Wrist shot by Steven Stamkos.
17:35 of 2nd period - Shot Blocked by Ray Macias.
17:37 of 2nd period - Slapshot by Stanislav Neckar.
17:37 of 2nd period - Shot Misses the Net.
17:41 of 2nd period - Wrist shot by Logan Couture.
17:41 of 2nd period - Shot Misses the Net.
17:43 of 2nd period - Slapshot by Stanislav Neckar.
17:43 of 2nd period - Shot Misses the Net.
17:47 of 2nd period - Wrist shot by Logan Couture.
17:47 of 2nd period - Shot Misses the Net.
17:49 of 2nd period - Slapshot by Logan Couture.
17:49 of 2nd period - Goal by Logan Couture - Thunder : 1 - Manchots : 3.
17:50 of 2nd period - Jerred Smithson wins face-off versus Steven Stamkos in neutral zone.
17:59 of 2nd period - Backhand shot by Dany Roussin.
17:59 of 2nd period - Goal by Dany Roussin - Thunder : 2 - Manchots : 3.
18:00 of 2nd period - Logan Couture wins face-off versus Adam Hall in neutral zone.
18:10 of 2nd period - Jerred Smithson is hit by Aaron Ward.
18:26 of 2nd period - Alexei Semenov is hit by Steven Stamkos and loses puck.
18:47 of 2nd period - Slapshot by Aaron Ward.
18:47 of 2nd period - Shot Misses the Net.
19:16 of 2nd period - Slapshot by Jeff Finger.
19:16 of 2nd period - Shot Misses the Net.
3rd period
0:01 of 3rd period - Jerred Smithson wins face-off versus Logan Couture in neutral zone.
0:06 of 3rd period - Slapshot by Adam Hall.
0:06 of 3rd period - Shot Blocked by Aaron Ward.
0:26 of 3rd period - Aaron Ward is hit by Doug Janik and loses puck.
1:00 of 3rd period - Wrist shot by Joey Crabb.
1:00 of 3rd period - Stopped by Sebastien Caron with a rebound.
1:02 of 3rd period - Snap shot by Kelly Zajac.
1:02 of 3rd period - Stopped by Sebastien Caron without a rebound.
1:03 of 3rd period - Logan Couture wins face-off versus Jerred Smithson in Manchots zone.
1:03 of 3rd period - Logan Couture is hit by Jerred Smithson.
1:50 of 3rd period - Ray Macias is hit by Eric Tangradi and loses puck.
2:27 of 3rd period - Snap shot by Alexander Radulov.
2:27 of 3rd period - Stopped by Ben Bishop with a rebound.
2:39 of 3rd period - Pierre-Alexandre Parenteau is hit by Mathieu Dandenault.
2:47 of 3rd period - Scott Parse is hit by Martin Hanzal and loses puck.
3:20 of 3rd period - Wrist shot by Adam Hall.
3:20 of 3rd period - Stopped by Sebastien Caron with a rebound.
4:06 of 3rd period - Slapshot by Ruslan Fedotenko.
4:06 of 3rd period - Shot Misses the Net.
4:18 of 3rd period - Wrist shot by Steven Stamkos.
4:18 of 3rd period - Deflect By James Van Riemsdyk.
4:18 of 3rd period - Shot Blocked by Jeff Finger.
4:18 of 3rd period - Puck is out of play.
4:19 of 3rd period - Daultan Leveillé wins face-off versus Steven Stamkos in Thunder zone.
4:19 of 3rd period - Daultan Leveillé is hit by Tyler Ennis.
4:51 of 3rd period - Snap shot by Logan Couture.
4:51 of 3rd period - Shot Misses the Net.
4:53 of 3rd period - Slapshot by Jamie Benn.
4:53 of 3rd period - Goal by Jamie Benn - Thunder : 2 - Manchots : 4.
4:54 of 3rd period - Logan Couture wins face-off versus Jerred Smithson in neutral zone.
5:44 of 3rd period - Mathieu Dandenault is hit by Pierre-Alexandre Parenteau and loses puck.
5:51 of 3rd period - Wrist shot by Pierre-Alexandre Parenteau.
5:51 of 3rd period - Stopped by Sebastien Caron with a rebound.
5:53 of 3rd period - Slapshot by Alexei Semenov.
5:53 of 3rd period - Deflect By Scott Parse.
5:53 of 3rd period - Shot Misses the Net.
5:53 of 3rd period - Puck is out of play.
5:54 of 3rd period - Logan Couture wins face-off versus Adam Hall in Manchots zone.
6:03 of 3rd period - Snap shot by Dany Roussin.
6:03 of 3rd period - Shot Misses the Net.
6:23 of 3rd period - Derek Peltier is hit by Jamie Benn and loses puck.
6:28 of 3rd period - Snap shot by Logan Couture.
6:28 of 3rd period - Stopped by Ben Bishop without a rebound.
6:29 of 3rd period - Jerred Smithson wins face-off versus Steven Stamkos in Thunder zone.
6:40 of 3rd period - Snap shot by Adam Hall.
6:40 of 3rd period - Stopped by Sebastien Caron with a rebound.
6:42 of 3rd period - Slapshot by Dany Roussin.
6:42 of 3rd period - Shot Misses the Net.
6:44 of 3rd period - Backhand shot by Jeff Finger.
6:44 of 3rd period - Shot Blocked by Michael Del Zotto.
6:56 of 3rd period - Snap shot by Pierre-Alexandre Parenteau.
6:56 of 3rd period - Stopped by Sebastien Caron without a rebound.
6:57 of 3rd period - Martin Hanzal wins face-off versus Brandon Mashinter in Manchots zone.
6:57 of 3rd period - Martin Hanzal is hit by Pierre-Alexandre Parenteau.
7:03 of 3rd period - Slapshot by Aaron Ward.
7:03 of 3rd period - Shot Blocked by Doug Janik.
7:22 of 3rd period - Minor Penalty to Brandon Mashinter for Boarding.
7:23 of 3rd period - Steven Stamkos wins face-off versus Adam Hall in Thunder zone.
7:24 of 3rd period - Slapshot by Tyler Ennis.
7:24 of 3rd period - Shot Misses the Net.
7:26 of 3rd period - Wrist shot by Tyler Ennis.
7:26 of 3rd period - Stopped by Ben Bishop with a rebound.
9:10 of 3rd period - Minor Penalty to Michael Del Zotto for Hooking.
9:11 of 3rd period - Adam Hall wins face-off versus Steven Stamkos in Manchots zone.
9:12 of 3rd period - Snap shot by Pierre-Alexandre Parenteau.
9:12 of 3rd period - Shot Misses the Net.
9:14 of 3rd period - Snap shot by Pierre-Alexandre Parenteau.
9:14 of 3rd period - Deflect By Aaron Ward.
9:14 of 3rd period - Shot Blocked by Stanislav Neckar.
9:14 of 3rd period - Puck is out of play.
9:15 of 3rd period - Steven Stamkos wins face-off versus Pierre-Alexandre Parenteau in Manchots zone.
9:15 of 3rd period - Steven Stamkos is hit by Derek Peltier.
9:22 of 3rd period - Penalty to Brandon Mashinter is over, Brandon Mashinter is back on ice.
9:22 of 3rd period - Snap shot by Adam Hall.
9:22 of 3rd period - Shot Misses the Net.
9:24 of 3rd period - Slapshot by Jeff Finger.
9:24 of 3rd period - Shot Misses the Net.
9:26 of 3rd period - Snap shot by Pierre-Alexandre Parenteau.
9:26 of 3rd period - Shot Misses the Net.
9:42 of 3rd period - Snap shot by T.J. Hensick.
9:42 of 3rd period - Stopped by Ben Bishop with a rebound.
10:03 of 3rd period - Icing by Alexei Semenov.
10:04 of 3rd period - T.J. Hensick wins face-off versus Dany Roussin in Thunder zone.
10:17 of 3rd period - Slapshot by Pierre-Alexandre Parenteau.
10:17 of 3rd period - Stopped by Sebastien Caron with a rebound.
11:10 of 3rd period - Penalty to Michael Del Zotto is over, Michael Del Zotto is back on ice.
11:37 of 3rd period - Matt D'Agostini is hit by Michael Del Zotto and loses puck.
11:45 of 3rd period - Doug Janik is hit by Bryan Allen and loses puck.
12:32 of 3rd period - Snap shot by Derek Peltier.
12:32 of 3rd period - Shot Blocked by Pernell Karl Subban.
12:51 of 3rd period - Snap shot by Tyler Ennis.
12:51 of 3rd period - Stopped by Ben Bishop without a rebound.
12:52 of 3rd period - Daultan Leveillé wins face-off versus Logan Couture in Thunder zone.
13:44 of 3rd period - Minor Penalty to Aaron Ward for Hooking.
13:44 of 3rd period - Minor Penalty to Pierre-Alexandre Parenteau for Hooking.
13:45 of 3rd period - Adam Hall wins face-off versus Steven Stamkos in Thunder zone.
14:32 of 3rd period - Snap shot by Logan Couture.
14:32 of 3rd period - Stopped by Ben Bishop with a rebound.
14:38 of 3rd period - Wrist shot by Tyler Ennis.
14:38 of 3rd period - Stopped by Ben Bishop with a rebound.
15:17 of 3rd period - Icing by Jerred Smithson.
15:18 of 3rd period - Jerred Smithson wins face-off versus Tyler Ennis in Thunder zone.
15:25 of 3rd period - Pernell Karl Subban is hit by Daniel Winnik and loses puck.
15:34 of 3rd period - Alexei Semenov is hit by Tyler Ennis and loses puck.
15:44 of 3rd period - Penalty to Aaron Ward is over, Aaron Ward is back on ice.
15:44 of 3rd period - Penalty to Pierre-Alexandre Parenteau is over, Pierre-Alexandre Parenteau is back on ice.
15:51 of 3rd period - Snap shot by Alexander Radulov.
15:51 of 3rd period - Stopped by Ben Bishop with a rebound.
16:41 of 3rd period - Snap shot by Adam Hall.
16:41 of 3rd period - Stopped by Sebastien Caron with a rebound.
16:51 of 3rd period - Slapshot by Alexander Radulov.
16:51 of 3rd period - Stopped by Ben Bishop without a rebound.
16:52 of 3rd period - Martin Hanzal wins face-off versus Kelly Zajac in Thunder zone.
17:26 of 3rd period - Tyler Ennis is hit by Brandon Mashinter and loses puck.
18:20 of 3rd period - Icing by Aaron Ward.
18:21 of 3rd period - Martin Hanzal wins face-off versus Jerred Smithson in Manchots zone.
18:23 of 3rd period - Minor Penalty to Jerred Smithson for Hooking.
18:24 of 3rd period - Steven Stamkos wins face-off versus Adam Hall in Thunder zone.
18:56 of 3rd period - Off-side.
18:57 of 3rd period - Dany Roussin wins face-off versus Logan Couture in neutral zone.
19:04 of 3rd period - Slapshot by Alexei Semenov.
19:04 of 3rd period - Shot Misses the Net.
19:12 of 3rd period - Snap shot by Dany Roussin.
19:12 of 3rd period - Deflect By Scott Parse.
19:12 of 3rd period - Shot Misses the Net.
19:12 of 3rd period - Puck is out of play.
19:13 of 3rd period - Steven Stamkos wins face-off versus Adam Hall in Manchots zone.
19:17 of 3rd period - Off-side.
19:18 of 3rd period - Adam Hall wins face-off versus Steven Stamkos in neutral zone.
19:25 of 3rd period - Slapshot by Adam Hall.
19:25 of 3rd period - Shot Blocked by Bryan Allen.
19:55 of 3rd period - Dany Roussin is hit by Logan Couture and loses puck.
Output by the SimonT Hockey Simulator (STHS) for François Prévost -- Original Page W3C XHTML 1.0 Valid